 Dungeon Crawl Stone Soup version 0.24-a0-201-gf205589 (webtiles) character file.

Game seed: 9523228838144941854

67 Krees the Chucker (level 4, 42/42 HPs)
             Began as a Troll Hunter on Mar 24, 2019.
             Starved to death
             ... while paralysed
             ... on level 1 of the Dungeon.
             The game lasted 00:14:26 (1314 turns).

Krees the Chucker (Troll Hunter)                    Turns: 1314, Time: 00:14:27

Health: 42/42      AC:  6    Str: 21    XL:     4   Next: 0%
Magic:  3/3        EV:  1    Int:  7    God:
Gold:   60         SH:  0    Dex: 10    Spells: 3/3 levels left

rFire    . . .     SeeInvis .   t - +1 spear (flame) {Woo}
rCold    . . .     Gourm    +   (no shield)
rNeg     . . .     Faith    .   b - +0 robe
rPois    .         Spirit   .   (helmet restricted)
rElec    .         Reflect  .   (no cloak)
rCorr    .         Harm     .   (gloves unavailable)
MR       .....                  (boots unavailable)
Stlth    +.........             (no amulet)
HPRegen  0.54/turn              (no ring)
MPRegen  0.08/turn              (no ring)

@: paralysed, fainting
A: large, unfitting armour, claws 3, fast metabolism 3, gourmand, regeneration
1, shaggy fur 1, tough skin 3
a: no special abilities


You were on level 1 of the Dungeon.
You were fainting.

You visited 1 branch of the dungeon, and saw 2 of its levels.

You collected 60 gold pieces.

Inventory:

Hand Weapons
 a - a +0 short sword
 i - a +0 mace
 q - a +0 dagger
 r - a +0 dagger
 t - a +1 spear of flaming (weapon) {Woo}
 v - a +0 dagger
 x - a +0 whip
Missiles
 c - 5 large rocks
 d - 3 throwing nets
 g - 35 bolts (quivered)
 h - 43 stones
 m - 20 sling bullets
 p - 16 arrows
Armour
 b - a +0 robe (worn)
 s - a +1 leather armour
 w - a +0 leather armour
Scrolls
 k - 2 scrolls of teleportation
 n - a scroll of identify
Potions
 e - a potion of agility {unknown}
 f - 2 potions of invisibility {unknown}
 j - 2 potions of curing {unknown}
 l - 2 potions of magic {unknown}
 o - a potion of degeneration {unknown}
 u - a potion of heal wounds {unknown}


   Skills:
 + Level 2.0 Fighting
 + Level 0.2 Short Blades
 + Level 1.2 Maces & Flails
 + Level 0.1 Polearms
 + Level 4.1 Throwing
 + Level 2.2 Dodging
 + Level 0.4 Stealth


You had 3 spell levels left.
You didn't know any spells.
Your spell library was empty.

Dungeon Overview and Level Annotations

Branches:
Dungeon (2/15)

Altars:


Innate Abilities, Weirdness & Mutations

You are too large for most types of armour.
You have claws for hands.
Your metabolism is lightning-fast.
You like to eat raw meat.
Your natural rate of healing is unusually fast.
You are covered in fur. (AC +1)
You have extremely tough skin. (AC +3)


Message History

The kobold shouts!
Found 3 gold pieces.
You hit the kobold but do no damage. The kobold misses you.
The kobold closely misses you.
You barely miss the kobold. The kobold hits you but does no damage.
You miss the kobold. The kobold hits you but does no damage.
You hit the kobold. You burn the kobold.
You kill the kobold!
You have reached level 4!
Found a cyan potion and a short sword.
Things that are here:
a +0 whip; a kobold corpse
x - a +0 whip You now have 60 gold pieces (gained 3).
There are no items here.
There is an escape hatch in the ceiling here.
A mysterious force pulls you upwards. The hatch slams shut behind you.
You lose consciousness!
You have starved to death.
You die...

# #.......######
##.⌠....⌠... #
#.>..........# ##......... #
###.###.####.#######..⌠...⌠.
# #.# #.# #.#.....##.......
# #.# #.# ##.#.#######..<..#
# #####.###.###....# ##...##
# #.†...##......#..# ######
#.###.##..###....# # #.#
#........@...# # #.#
####..######## # #.# #...# #
#.# #.#.# # #.# #.#.# #
####.######.#.# #
..##..........# ######### #
#..†..........####.......###
#
###########......†....†....#
#


There were no monsters in sight!

Vanquished Creatures
  An adder (D:2)
  2 oozes (D:1)
  4 dart slugs
  4 giant cockroaches
  6 goblins
  4 hobgoblins (D:1)
  A ball python (D:1)
  4 bats (D:1)
  5 frilled lizards
  5 kobolds
  6 rats
42 creatures vanquished.

Notes
Turn   | Place    | Note
-------+----------+-------------------------------------------
     0 | D:1      | Krees the Troll Hunter began the quest for the Orb.
     0 | D:1      | Reached XP level 1. HP: 19/19 MP: 0/0
   185 | D:1      | Reached XP level 2. HP: 26/28 MP: 1/1
   187 | D:1      | Reached skill level 4 in Throwing
   329 | D:1      | Reached XP level 3. HP: 26/35 MP: 2/2
   880 | D:2      | Found a faded altar of an unknown god.
   889 | D:2      | Reached skill level 1 in Maces & Flails
   940 | D:2      | Paralysed by fainting for 6 turns
  1288 | D:2      | Reached XP level 4. HP: 42/42 MP: 3/3
  1309 | D:1      | Paralysed by fainting for 10 turns
  1314 | D:1      | Starved to death

Levels and vault maps discovered:
D:1:      dpeg_arrival_lava_temple_mockup, layout_loops_ring
D:2:      layout_loops_corners, kennysheep_ying_yang,
          chequers_ecumenical_altar_simple

Skill      XL: |  1  2  3 |
---------------+----------+-----
Throwing       | 4 |  4.1
Dodging        | 2 |  2.2
Fighting       | 2 |  2.0
Maces & Flails | 1 |  1.2
Short Blades   | |  0.2
Polearms       | |  0.1
Stealth        | |  0.4

Action                   |  1- 3 |  4- 6 || total
-------------------------+-------+-------++-------
Melee: Short sword       |    27 |       ||    27
       Mace              |    85 |       ||    85
       Spear             |    61 |       ||    61
  Use: Scroll            |     5 |       ||     5
 Stab: Sleeping          |     1 |       ||     1
  Eat: Ration            |     2 |       ||     2
Armor: Robe              |   137 |       ||   137
Dodge: Dodged            |   151 |       ||   151

Table legend:
 A = Non-vault XP
 B = Vault XP
 C = Vault XP percentage of total XP
 D = Non-vault monster count
 E = Vault monster count
 F = Vault count percentage of total count
                 A         B        C        D         E       F
            +---------+---------+-------+---------+---------+-------
      Total |      97 |       0 |   0.0 |      42 |       0 |   0.0
            +---------+---------+-------+---------+---------+-------
        D:1 |      70 |       0 |   0.0 |      33 |       0 |   0.0
        D:2 |      27 |       0 |   0.0 |       9 |       0 |   0.0
            +---------+---------+-------+---------+---------+-------
